 Dungeon Crawl Stone Soup version 0.22.0 (webtiles) character file.

210 KnightedAnt the Skirmisher (level 6, 0/48 HPs)
             Began as a Formicid Abyssal Knight on Oct 29, 2018.
             Was a Priest of Lugonu.
             Slain by an orc wizard
             ... wielding a +0 dagger
              (3 damage)
             ... on level 3 of the Dungeon.
             The game lasted 00:06:40 (4345 turns).

KnightedAnt the Skirmisher (FoAK)                   Turns: 4345, Time: 00:06:41

Health: 0/48       AC:  4    Str: 18    XL:     6   Next: 12%
Magic:  8/8        EV: 12    Int: 12    God:    Lugonu [***...]
Gold:   106        SH:  0    Dex: 10    Spells: 5/5 levels left

rFire    . . .     SeeInvis +   a - +1 mace
rCold    . . .     Gourm    .   (no shield)
rNeg     . . .     Faith    +   b - +0 leather armour
rPois    .         Spirit   .   (helmet unavailable)
rElec    .         Reflect  .   (no cloak)
rCorr    .         Harm     .   p - +0 pair of gloves
MR       .....                  (no boots)
Stlth    +.........             m - amulet of faith
HPRegen  0.16/turn              (no ring)
MPRegen  0.11/turn              (no ring)

@: no status effects
A: permanent stasis, dig shafts and tunnels, four strong arms, antennae 3
a: Dig, Shaft Self, Depart the Abyss, Bend Space, Banish, Renounce Religion


You were on level 3 of the Dungeon.
You worshipped Lugonu.
Lugonu was most pleased with you.
You were not hungry.

You visited 1 branch of the dungeon, and saw 3 of its levels.
You visited the Abyss 1 time.

You collected 106 gold pieces.

Inventory:

Hand Weapons
 a - a +1 mace (weapon)
Missiles
 k - 47 stones (quivered)
Armour
 b - a +0 leather armour (worn)
 p - a +0 pair of gloves (worn)
Jewellery
 m - an amulet of faith (around neck)
Scrolls
 d - 3 scrolls of amnesia {unknown}
 e - 3 scrolls of magic mapping {unknown}
 f - 2 scrolls of identify {unknown}
 i - a scroll of random uselessness {unknown}
 j - 6 scrolls of remove curse {unknown}
 o - 3 scrolls of teleportation {unknown}
 s - a scroll of fear {unknown}
Potions
 g - a potion of degeneration {unknown}
 h - a potion of agility {unknown}
 l - a potion of flight {unknown}
 n - 3 potions of curing {unknown}
 r - a potion of lignification {unknown}
Comestibles
 c - 10 rations
 q - 2 chunks of flesh


   Skills:
 + Level 4.2 Fighting
 + Level 3.1 Maces & Flails
 + Level 3.4 Armour
 + Level 2.2 Dodging
 + Level 3.7 Invocations


You had 5 spell levels left.
You didn't know any spells.
Your spell library was empty.

Dungeon Overview and Level Annotations

Branches:
Dungeon (3/15)

Altars:
Sif Muna


Innate Abilities, Weirdness & Mutations

You cannot be hasted, slowed, berserked, paralysed or teleported.
You can dig through walls and to a lower floor.
Your four strong arms can wield two-handed weapons with a shield.
You have a pair of large antennae on your head. (SInv)


Message History

The orc wizard mumbles some strange words.
The orc wizard blinks!
You completely miss the orc wizard. The orc wizard closely misses you.
The orc wizard hits you but does no damage.
You closely miss the orc wizard. The orc wizard hits you with a dagger.
* * * LOW HITPOINT WARNING * * *
You hit the orc wizard but do no damage.
The orc wizard gestures at you while chanting.
The magic dart hits you!
* * * LOW HITPOINT WARNING * * *
You hit the orc wizard.
The orc wizard is moderately wounded.
The orc wizard hits you with a dagger.
* * * LOW HITPOINT WARNING * * *
You closely miss the orc wizard.
The orc wizard is moderately wounded.
The orc wizard hits you with a dagger.
* * * LOW HITPOINT WARNING * * *
The orc wizard hits you with a dagger.
You die...

#...≈≈...≈≈...# ####
##..)≈≈≈≈≈...##
##...######....≈≈≈....#
#.........##.........##
#.........###.......##
#.........# ###...### #.........#
#._.# #.........### #...#
#....<....#@#######
#..o......##o# # #.........#{##.#
##o#'##..K{{...# #.#.##.###.####
#######.#.##.##o##
K.{{o...#.##.#.##################
#########.##.o)..................
#.#######################


You could see an orc wizard.

Vanquished Creatures
  An orc priest (D:3)
  2 orc wizards (D:3)
  2 adders (D:3)
  An ooze (D:1)
  2 worms (D:2)
  3 dart slugs
  3 leopard geckos
  7 orcs (D:3)
  2 giant cockroaches
  10 goblins
  7 hobgoblins
  9 jackals (D:2)
  10 kobolds
  A quokka (D:3)
  3 ball pythons
  4 bats
  6 frilled lizards
  7 rats
80 creatures vanquished.

Notes
Turn   | Place    | Note
-------+----------+-------------------------------------------
     0 | Abyss:1  | KnightedAnt the Formicid Abyssal Knight began the quest for the Orb.
     0 | Abyss:1  | Reached XP level 1. HP: 18/18 MP: 2/2
    35 | Abyss:1  | Noticed a ynoxinul
    42 | D:1      | Escaped the Abyss
   187 | D:1      | Reached * piety under Lugonu
   187 | D:1      | Reached skill level 1 in Dodging
   417 | D:1      | Reached XP level 2. HP: 21/24 MP: 3/3
   720 | D:1      | Reached XP level 3. HP: 21/29 MP: 4/4
  1468 | D:2      | Reached ** piety under Lugonu
  1592 | D:2      | Reached XP level 4. HP: 37/37 MP: 6/6
  3176 | D:3      | Reached XP level 5. HP: 34/42 MP: 7/7
  3749 | D:3      | Reached skill level 4 in Fighting
  3990 | D:3      | Reached *** piety under Lugonu
  4195 | D:3      | Found a deep blue altar of Sif Muna.
  4336 | D:3      | Reached XP level 6. HP: 13/48 MP: 8/8
  4345 | D:3      | Slain by an orc wizard

Skill      XL: |  1  2  3  4  5 |
---------------+----------------+-----
Dodging        | 1 2 |  2.2
Invocations    | 3 |  3.7
Armour         | 3 |  3.4
Fighting       | 4 |  4.2
Maces & Flails | 3 |  3.1

Action                   |  1- 3 |  4- 6 || total
-------------------------+-------+-------++-------
Melee: Mace              |   126 |   172 ||   298
Invok: Depart the Abyss  |     1 |       ||     1
 Abil: Dig               |     1 |     5 ||     6
  Eat: Chunk             |     2 |    10 ||    12
Armor: Leather armour    |    47 |    34 ||    81
Dodge: Dodged            |    88 |   103 ||   191
